 Dungeon Crawl Stone Soup version 0.27.1-1-g398f81649c (webtiles) character file.

Game seed: 17413816774373384075

5761 Metae the Fighter (level 10, -4/89 (91) HPs)
             Began as a Hill Orc Fighter on Sept 13, 2021.
             Was an Elder of Okawaru.
             Slain by a yak (11 damage)
             ... on level 7 of the Dungeon.
             The game lasted 00:33:08 (11386 turns).

Metae the Fighter (Hill Orc Fighter)               Turns: 11386, Time: 00:33:09

HP:   -4/89 (91)    AC: 23    Str: 23    XL:     10   Next: 78%
MP:   15/15         EV: 10    Int:  8    God:    Okawaru [****..]
Gold: 197           SH: 13    Dex: 10    Spells: 9/9 levels left

rFire    . . .     SeeInvis .   N - +4 flail
rCold    . . .     Faith    .   c - +0 kite shield
rNeg     . . .     Spirit   .   p - +1 chain mail
rPois    +         Reflect  .   (no helmet)
rElec    .         Harm     .   I - +0 cloak "Ycworgh" {Rampage Stlth+}
rCorr    .         Rampage  +   (no gloves)
Will     .....                  z - +2 pair of boots
Stlth    +.........             (no amulet)
HPRegen  0.24/turn              B - ring of poison resistance
MPRegen  0.14/turn              m - +4 ring of protection

@: heroic, lightly drained
A: no striking features
a: Renounce Religion, Heroism


You were on level 7 of the Dungeon.
You worshipped Okawaru.
Okawaru was greatly pleased with you.
You visited 2 branches of the dungeon, and saw 9 of its levels.
You also visited: Ossuary.

You collected 375 gold pieces.
You spent 178 gold pieces at shops.

Inventory:

Hand Weapons
 a - a +0 trident of freezing
 b - a +5 hand axe
 i - a +0 hunting sling
 s - a +3 whip of draining
 N - a +4 flail (weapon)
Missiles
 h - 57 sling bullets
 j - 213 stones (quivered)
 k - a throwing net
Armour
 c - a +0 kite shield (worn)
 f - a +0 plate armour
 p - a +1 chain mail (worn)
 z - a +2 pair of boots (worn)
 I - the +0 cloak "Ycworgh" (worn) {Rampage Stlth+}
   (You acquired it in an ossuary)

   Rampage:   It bestows one free step when moving towards enemies.
   Stlth:     It makes you more stealthy.
Jewellery
 m - a +4 ring of protection (right hand)
 r - a ring of ice
 v - a ring of protection from cold
 B - a ring of poison resistance (left hand)
Wands
 n - a wand of polymorph (8)
 E - a wand of charming (14)
 G - a wand of flame (17)
Scrolls
 e - 2 scrolls of teleportation
 g - a scroll of summoning
 o - a scroll of silence
 t - 2 scrolls of noise
 u - 3 scrolls of amnesia
 y - a scroll of immolation
 H - 2 scrolls of enchant armour
Potions
 d - 3 potions of might
 l - a potion of degeneration
 q - a potion of haste {unknown}
 w - 2 potions of lignification
 x - 4 potions of curing
 A - 2 potions of ambrosia
 C - 2 potions of resistance {unknown}
 D - a potion of cancellation {unknown}
 F - a potion of berserk rage {unknown}
 J - a potion of mutation {unknown}
 K - a potion of magic {unknown}
 L - 2 potions of attraction
 M - a potion of flight


   Skills:
 + Level 9.4(14.4) Fighting
 + Level 7.5(12.5) Maces & Flails
 - Level 3.2(8.2) Polearms
 + Level 8.7(13.7) Armour
 + Level 8.6(13.6) Shields
 + Level 7.9 Invocations


You had 9 spell levels left.
You didn't know any spells.
Your spell library contained the following spells:

 Spells                   Type           Power      Damage    Failure   Level
 Apportation              Tloc           0%         N/A       94%         1
 Leda's Liquefaction      Hex/Erth       0%         N/A       100%        4
 Alistair's Intoxication  Tmut/Pois      0%         N/A       100%        5
 Bolt of Magma            Conj/Fire/Erth 0%         4d4       100%        5
 Invisibility             Hex            0%         N/A       100%        6
 Statue Form              Tmut/Erth      0%         N/A       100%        6


Dungeon Overview and Level Annotations

Branches:
Dungeon (8/15)             Temple (1/1) D:5         Ossuary (visited)
   Lair: D:8-11

Altars:
Ashenzari
Dithmenos
Gozag
Nemelex Xobeh
Okawaru
Qazlal
Trog
Uskayaw
Vehumet
Wu Jian
Xom
Zin
The Shining One

Shops:
D:2 ?   D:5 !


Message History

The yak is moderately wounded.
The yak gores you!
* * * LOW HITPOINT WARNING * * *
You block the yak's attack. The yak gores you but does no damage.
You block the yak's attack.
You thump the yak!
The yak is severely wounded.
The yak gores you but does no damage.
You thump the yak!
The yak is almost dead.
The yak closely misses you.
You bludgeon the yak!!
You kill the yak!
Okawaru accepts your kill. You block the yak's attack.
You sock the yak!
The yak is heavily wounded.
You block the yak's attack.
You sock the yak!
The yak is almost dead.
You block the yak's attack. The yak gores you.
* * * LOW HITPOINT WARNING * * *
You hit the yak but do no damage.
The yak is almost dead.
The quokka twitches its whiskers.
The yak gores you!
* * * LOW HITPOINT WARNING * * *
You sock the yak!
You kill the yak!
Okawaru accepts your kill. The yak gores you but does no damage.
The quokka closely misses you.
You miss the quokka. You block the yak's attack.
You sock the yak!
The yak is moderately wounded.
You block the quokka's attack. The yak gores you!
* * * LOW HITPOINT WARNING * * *
You sock the yak!
The yak is severely wounded.
You block the quokka's attack. The yak gores you!
You die...

...# #####...###...## #..##
###......###..## #...###
##..r.......#..#
#.....####r.Y.(.........###
..........r###............#
...........Y####......>.###
####....###..####........#
###..# ##..###........#
#.## ##..r@.#......# #.#
##.Y####.....# ##.# ####
##....# ##..# ##....<#
###..## ##...#### #...##
#######..### #..##
###...##..## #.##
#........## #.# #........#


You could see a yak and a quokka.

Vanquished Creatures
  3 death yaks (D:8)
  A wyvern (D:5)
  Grum (D:8)
  2 yaks (D:7)
  Menkaure (Ossuary)
  Duvessa (D:7)
  2 water moccasins (D:7)
  An orc warrior (D:6)
  2 black bears
  3 wolves (D:8)
  A sky beast (D:4)
  An ogre (D:5)
  3 centaurs
  A phantom (D:5)
  2 kobold brigands
  A bullfrog (D:7)
  4 scorpions
  Dowan (D:7)
  2 water moccasin skeletons (D:6)
  4 wights
  A howler monkey (D:4)
  2 bullfrog zombies
  2 centaur zombies
  2 jellies
  3 orc priests (D:6)
  3 centaur skeletons
  3 hounds
  A gnoll shaman (D:7)
  A bullfrog skeleton (D:6)
  4 iguanas
  An orc wizard (D:4)
  A hell rat (D:7)
  4 mummies
  14 adders
  7 river rats (D:5)
  5 gnolls
  2 ufetubi
  An adder skeleton (D:4)
  A worm (D:2)
  4 dart slugs
  14 orcs
  7 ball pythons
  5 bats (D:1)
  4 endoplasms
  8 giant cockroaches
  6 gnoll zombies (Ossuary)
  4 goblins
  7 hobgoblins
  4 jackals (D:1)
  8 quokkas
  4 frilled lizards (D:2)
  2 gnoll skeletons (Ossuary)
  6 goblin skeletons (Ossuary)
  3 goblin zombies (Ossuary)
  2 hobgoblin skeletons (Ossuary)
  5 hobgoblin zombies (Ossuary)
  14 kobolds
  5 kobold skeletons (Ossuary)
  4 kobold zombies (Ossuary)
  3 orc skeletons (Ossuary)
  An orc zombie (Ossuary)
  29 rats
  7 rat skeletons (Ossuary)
  6 rat zombies (Ossuary)
257 creatures vanquished.

Notes
Turn   | Place    | Note
-------+----------+-------------------------------------------
     0 | D:1      | Metae the Hill Orc Fighter began the quest for the Orb.
     0 | D:1      | Reached XP level 1. HP: 19/19 MP: 1/1
   181 | D:1      | Reached XP level 2. HP: 6/27 MP: 2/2
   877 | D:1      | Reached skill level 4 in Fighting
   877 | D:1      | Reached XP level 3. HP: 28/33 MP: 3/3
  1922 | D:2      | Reached XP level 4. HP: 40/40 MP: 4/4
  2174 | D:2      | Found Cositioc's Magic Scroll Boutique.
  2183 | D:2      | Bought a scroll of identify for 26 gold pieces
  2183 | D:2      | Bought a scroll of identify for 26 gold pieces
  2399 | D:2      | Found a faded altar of an unknown god.
  2927 | D:3      | Reached XP level 5. HP: 44/47 MP: 5/5
  3466 | D:4      | Reached skill level 1 in Maces & Flails
  3500 | D:4      | Reached skill level 5 in Fighting
  3500 | D:4      | Reached XP level 6. HP: 56/56 MP: 6/6
  3574 | D:4      | Found a stormy altar of Qazlal.
  4476 | D:4      | Reached skill level 5 in Armour
  4532 | D:4      | Reached skill level 5 in Shields
  4742 | D:5      | Entered Level 5 of the Dungeon
  4742 | D:5      | Found a shadowy altar of Dithmenos.
  4752 | D:5      | Reached XP level 7. HP: 55/61 MP: 7/7
  4921 | D:5      | Found a sparkling altar of Nemelex Xobeh.
  5222 | D:5      | Found a staircase to the Ecumenical Temple.
  5233 | Temple   | Entered the Ecumenical Temple
  5374 | Temple   | Became a worshipper of Warmaster Okawaru
  5502 | D:5      | Found Gamops's Distillery.
  5512 | D:5      | Bought a potion of might for 56 gold pieces
  5512 | D:5      | Bought a potion of heal wounds for 70 gold pieces
  5871 | D:5      | Reached skill level 6 in Fighting
  5884 | D:5      | Noticed a wyvern
  5902 | D:5      | Killed a wyvern
  5903 | D:5      | Reached skill level 1 in Invocations
  5905 | D:5      | Reached XP level 8. HP: 21/70 MP: 7/9
  5977 | D:4      | Reached * piety under Okawaru
  6666 | D:6      | Reached skill level 7 in Fighting
  6847 | D:6      | HP: 3/73 [poisoned by a scorpion]
  6861 | D:6      | HP: 1/73 [scorpion (4)]
  7202 | D:6      | Reached ** piety under Okawaru
  7203 | D:6      | Reached skill level 5 in Maces & Flails
  7203 | D:6      | Reached XP level 9. HP: 57/79 MP: 12/12
  7560 | D:6      | Found a glowing silver altar of Zin.
  7751 | D:7      | Reached skill level 5 in Invocations
  7922 | D:7      | Found a sand-covered staircase.
  7932 | Ossuary  | Entered an ossuary
  8276 | Ossuary  | Noticed Menkaure
  8282 | Ossuary  | Killed Menkaure
  8368 | Ossuary  | Identified a scroll of acquirement
  8372 | Ossuary  | Acquired the +0 cloak "Ycworgh" {Rampage Stlth+}
  8620 | D:7      | Reached skill level 8 in Fighting
  9031 | D:7      | Noticed Dowan
  9034 | D:7      | Noticed Duvessa
  9044 | D:7      | Killed Dowan
  9061 | D:7      | Killed Duvessa
  9975 | D:8      | Noticed a death yak
  9983 | D:8      | Noticed a death yak
  9987 | D:8      | Noticed a death yak
  9994 | D:8      | Killed a death yak
  9994 | D:8      | Reached *** piety under Okawaru
  9995 | D:8      | Reached XP level 10. HP: 53/90 MP: 13/15
 10020 | D:8      | Killed a death yak
 10021 | D:8      | Reached skill level 9 in Fighting
 10037 | D:7      | HP: 1/89 [wight (10)]
 10344 | D:8      | Noticed Grum
 10367 | D:8      | Killed Grum
 10973 | D:8      | Killed a death yak
 10973 | D:8      | Reached **** piety under Okawaru
 11386 | D:7      | Slain by a yak

Illustrated notes

Levels and vault maps discovered:
D:1:      dpeg_arrival_chambers_temple_mockup, layout_basic,
          grunt_decor_mini_mirrors
D:2:      layout_basic, ebering_ecumenical_altar_webs, serial_shops, shop
D:3:      layout_loops_corners
D:4:      layout_loops_ring, nicolae_qazlal_general_emergency,
          hangedman_decor_peaks_small
D:5:      lemuel_ratsnest, layout_loops_corners,
          mainiacjoe_overflow_catch_the_wave, minmay_temple_entry_wispy,
          serial_shops, shop
D:6:      layout_gridville, zin_statuary, gup_sewer_entry_bubbles
D:7:      layout_layer_cave, gup_ossuary_entry_pyramid, uniq_duvessa
D:8:      layout_basic, dpeg_lair_monsters, uniq_grum
Temple:   dpeg_five_rooms_temple

Skill      XL: |  1  2  3  4  5  6  7  8  9 10 |
---------------+-------------------------------+-----
Fighting       | 4 5 6 7 8 9 |  9.4
Polearms       | 3 |  3.2
Armour         | 4 5 6 8 |  8.7
Shields        | 4 5 6 7 8 |  8.6
Maces & Flails | 1 2 3 5 6 7 |  7.5
Invocations    | 1 4 6 7 |  7.9

Action                   |  1- 3 |  4- 6 |  7- 9 | 10-12 || total
-------------------------+-------+-------+-------+-------++-------
Melee: Trident           |   163 |    61 |       |       ||   224
       Whip              |       |    91 |   640 |       ||   731
       Flail             |       |       |    28 |   118 ||   146
Invok: Heroism           |       |       |    12 |     7 ||    19
  Use: Potion            |     1 |       |     3 |     2 ||     6
       Scroll            |       |    11 |     7 |     1 ||    19
Armor: Scale mail        |   109 |    32 |       |       ||   141
       Chain mail        |       |    64 |   312 |   146 ||   522
Dodge: Dodged            |    68 |    39 |   131 |    59 ||   297
Block: Kite shield       |    95 |    66 |   327 |   138 ||   626
